 Dungeon Crawl Stone Soup version 0.30-a0-937-ga0a21ad780 (webtiles) character file.

Game seed: 4731764321961260945

333 Pimp the Poker (level 6, 0/48 HPs)
             Began as a Merfolk Gladiator on Mar 23, 2023.
             Slain by a gnoll
             ... wielding a +0 spear
              (6 damage)
             ... on level 4 of the Dungeon on Mar 24, 2023.
             The game lasted 00:10:12 (2900 turns).

Pimp the Poker (Merfolk Gladiator)                  Turns: 2900, Time: 00:10:13

Health: 0/48       AC:  6    Str: 17    XL:     6   Next: 53%
Magic:  6/6        EV: 14    Int:  5    God:
Gold:   121        SH:  0    Dex: 15    Spells: 5/5 levels left

rFire   . . .      SeeInvis .    a - +0 trident
rCold   . . .      Faith    .    (no shield)
rNeg    . . .      Spirit   .    b - +0 leather armour
rPois   .          Reflect  .    c - +0 helmet
rElec   .          Rampage  .    (no cloak)
rCorr   .                        (no gloves)
Will    .....                    (no boots)
Stlth   +                        (no amulet)
HPRegen 0.28/turn                (no ring)
MPRegen 0.10/turn                (no ring)

@: no status effects
A: (nimble swimmer 2), mertail, iridescent scales 1, dopey 1, high MP 1
a: no special abilities


You were on level 4 of the Dungeon.
You visited 1 branch of the dungeon, and saw 4 of its levels.

You collected 121 gold pieces.

Inventory:

Hand Weapons
 a - a +0 trident (weapon)
Missiles
 d - 3 throwing nets (quivered)
 e - a javelin
Armour
 b - a +0 leather armour (worn)
 c - a +0 helmet (worn)
Jewellery
 p - a ring of wizardry
Scrolls
 i - a scroll of poison
 j - 3 scrolls of fog
 m - 2 scrolls of enchant armour
 o - 2 scrolls of fear
 q - 4 scrolls of teleportation
Potions
 f - a potion of berserk rage {unknown}
 h - 2 potions of cancellation
 k - a potion of lignification
 l - 2 potions of might {unknown}
 n - a potion of curing
 r - 2 potions of heal wounds


   Skills:
 + Level 4.0 Fighting
 + Level 5.8 Polearms
 + Level 3.7 Throwing
 + Level 5.8 Dodging


You had 5 spell levels left.
You didn't know any spells.
Your spell library contained the following spells:

 Spells                   Type           Power      Damage    Failure   Level
 Foxfire                  Conj/Fire      0%         2x1d4     54%         1
 Ozocubu's Armour         Ice            0%         N/A       89%         3
 Fireball                 Conj/Fire      0%         3d3       100%        5
 Metabolic Englaciation   Hex/Ice        0%         N/A       100%        5
 Simulacrum               Ice/Necr       0%         N/A       100%        6
 Starburst                Conj/Fire      0%         6d3       100%        6


Dungeon Overview and Level Annotations

Branches:
Dungeon (4/15)
 Temple: D:4-7

Altars:

Shops:
D:2 ?**

Annotations:
D:4 2 transporters, 12sPaWn12's ghost, amateur OgBe


Innate Abilities, Weirdness & Mutations

((You are very nimble when in or above water. (Stealth+, EV+, Speed+++)))
Your lower body shifts to a powerful aquatic tail in water.
You are partially covered in iridescent scales. (AC +2)
You are dopey. (Int -2)
You have an increased reservoir of magic. (+10% MP)


Message History

Unknown command.
You miss the kobold. The gnoll barely misses you.
The kobold hits you with a +0 dagger.
You hit the kobold.
You kill the kobold!
The gnoll barely misses you.
You barely miss the gnoll. You punch the gnoll.
The gnoll is lightly wounded.
The gnoll hits you from afar with a +0 spear.
The gnoll hits you from afar with a +0 halberd!
The gnoll hits you with a +0 spear. The gnoll hits you but does no damage.
The gnoll barely misses you.
You hit the gnoll.
The gnoll is moderately wounded.
The gnoll hits you with a +0 spear. The gnoll hits you with a +0 club.
The gnoll closely misses you.
You hit the gnoll.
The gnoll is severely wounded.
The gnoll misses you. The gnoll barely misses you. x2
You hit the gnoll.
The gnoll is almost dead.
The gnoll hits you but does no damage. x2
The gnoll hits you with a +0 halberd!
You hit the gnoll but do no damage.
The gnoll is severely wounded.
The gnoll closely misses you. The gnoll misses you.
The gnoll hits you with a +0 halberd.
You hit the gnoll.
You kill the gnoll!
The gnoll hits you but does no damage. The gnoll hits you with a +0 club.
You barely miss the gnoll.
The gnoll is severely wounded.
The gnoll hits you with a +0 spear!
* * * LOW HITPOINT WARNING * * *
The gnoll hits you with a +0 club.
* * * LOW HITPOINT WARNING * * *
You hit the gnoll.
The gnoll is almost dead.
The gnoll hits you with a +0 spear.
You die...

........##
#...#.....# ........
#...#....# ........
.##.#....### .....
....#....## .....
#.........# ...#
##........# ...> .
###......# ##.####..
#....g.###
##..........##..@).#
##....# #.#
###)g...... #...##
###. ##.......
.....##.## .......
.......... .......
..##...... .......
..##...... ##.....
#)........ ##...
#)........


You could see 2 gnolls.

Vanquished Creatures
  Sigmund (D:2)
  2 hounds (D:4)
  Ijyb (D:3)
  A gnoll (D:4)
  3 adders
  2 dart slugs (D:3)
  5 ball pythons
  5 endoplasms
  5 giant cockroaches
  7 goblins
  2 hobgoblins
  3 quokkas
  6 bats
  3 frilled lizards
  12 kobolds
  6 rats
64 creatures vanquished.

Vanquished Creatures (others)
  6 plants (D:4)
6 creatures vanquished.

Grand Total: 70 creatures vanquished

Notes
Turn   | Place    | Note
-------+----------+-------------------------------------------
     0 | D:1      | Pimp the Merfolk Gladiator began the quest for the Orb.
     0 | D:1      | Reached XP level 1. HP: 16/16 MP: 1/1
    34 | D:1      | Upgraded the game from 0.30-a0-930-gb9d0489357 to
                  | 0.30-a0-937-ga0a21ad780
   442 | D:1      | Found a faded altar of an unknown god.
   502 | D:1      | Reached XP level 2. HP: 23/23 MP: 2/2
  1022 | D:2      | Found Saafab's Assorted Antiques.
  1170 | D:2      | Reached XP level 3. HP: 25/28 MP: 3/3
  1203 | D:2      | Found Odap's Assorted Antiques.
  1405 | D:2      | Found Kesmadid's Magic Scroll Shoppe.
  1408 | D:2      | Noticed Sigmund
  1451 | D:2      | Killed Sigmund
  1452 | D:2      | Reached skill level 5 in Polearms
  1452 | D:2      | Reached skill level 5 in Dodging
  1452 | D:2      | Reached XP level 4. HP: 16/35 MP: 4/4
  1452 | D:2      | Reached XP level 5. HP: 19/41 MP: 5/5
  2031 | D:3      | Noticed Ijyb
  2037 | D:3      | Paralysed by Ijyb for 4 turns
  2050 | D:3      | Killed Ijyb
  2181 | D:3      | Reached XP level 6. HP: 48/48 MP: 6/6
  2186 | D:3      | Gained mutation: You have a somewhat thin skeletal
                  | structure. (Dex +2, Stealth+) [potion of mutation]
  2186 | D:3      | Gained mutation: You occasionally lose the ability to drink
                  | potions when taking damage. [potion of mutation]
  2186 | D:3      | Gained mutation: You are covered in fur. (AC +1) [potion of
                  | mutation]
  2187 | D:3      | Lost mutation: You occasionally lose the ability to drink
                  | potions when taking damage. [potion of mutation]
  2187 | D:3      | Lost mutation: You have a somewhat thin skeletal structure.
                  | (Dex +2, Stealth+) [potion of mutation]
  2187 | D:3      | Lost mutation: You are covered in fur. (AC +1) [potion of
                  | mutation]
  2187 | D:3      | Gained mutation: You are partially covered in iridescent
                  | scales. (AC +2) [potion of mutation]
  2187 | D:3      | Gained mutation: You do not regenerate when monsters are
                  | visible. [potion of mutation]
  2187 | D:3      | Gained mutation: You expend magic power (3 MP) to
                  | strengthen your wands. [potion of mutation]
  2188 | D:3      | Lost mutation: You do not regenerate when monsters are
                  | visible. [potion of mutation]
  2188 | D:3      | Lost mutation: You are partially covered in iridescent
                  | scales. (AC +2) [potion of mutation]
  2188 | D:3      | Gained mutation: You are strong-willed. (Will+) [potion of
                  | mutation]
  2189 | D:3      | Lost mutation: You expend magic power (3 MP) to strengthen
                  | your wands. [potion of mutation]
  2189 | D:3      | Lost mutation: You are strong-willed. (Will+) [potion of
                  | mutation]
  2189 | D:3      | Gained mutation: You are dopey. (Int -2) [potion of
                  | mutation]
  2189 | D:3      | Gained mutation: You are partially covered in iridescent
                  | scales. (AC +2) [potion of mutation]
  2189 | D:3      | Gained mutation: You have an increased reservoir of magic.
                  | (+10% MP) [potion of mutation]
  2557 | D:4      | Found a transporter.
  2681 | D:4      | Found a transporter.
  2682 | D:4      | Noticed 12sPaWn12's ghost (amateur OgBe)
  2900 | D:4      | Slain by a gnoll

Illustrated notes

Levels and vault maps discovered:
D:1:      dpeg_arrival_rooms_with_view, layout_loops_corners,
          hellmonk_ecumenical_altar_defaced_shrine, hangedman_decor_push
D:2:      layout_loops_ring, serial_shops, nicolae_shop_waterfront,
          nicolae_shop_crystal, nicolae_shop_trees, minmay_misc_feat_iff,
          uniq_sigmund
D:3:      layout_rooms, uniq_ijyb
D:4:      layout_cave_pools, gammafunk_ghost_gnarly_gnolls

Skill      XL: |  1  2  3  4  5  6 |
---------------+-------------------+-----
Fighting       | 3 4 |  4.0
Polearms       | 5 |  5.8
Throwing       | 3 |  3.7
Dodging        | 5 |  5.8

Action                     |  1- 3 |  4- 6 || total
---------------------------+-------+-------++-------
  Melee: Trident           |   137 |   111 ||   248
         Punch             |       |     2 ||     2
    Use: Scroll            |     6 |     4 ||    10
         Potion            |     3 |     5 ||     8
 Armour: Leather armour    |    41 |    55 ||    96
         Skin              |     5 |       ||     5
  Dodge: Dodged            |    95 |    95 ||   190

Table legend: (Time is in decaauts)
 A = Elapsed time spent in this place.
 B = Non-inter-level travel time spent in this place.
 C = Inter-level travel time spent in this place.
 D = Time resting spent in this place.
 E = Time spent auto-exploring this place.
 F = Levels seen in this place.
 G = Mean time per level.
                   A        B        C        D        E       F      G
               +--------+--------+--------+--------+--------+-----+--------+
         Total |   2903 |   2869 |     34 |    247 |   1955 |   4 |  725.8 |
       Dungeon |   2903 |   2869 |     34 |    247 |   1955 |   4 |  725.8 |
               +--------+--------+--------+--------+--------+-----+--------+

Top non-repeatable levels by time:
     D:1: 1025 daAuts
     D:2: 937 daAuts
     D:3: 549 daAuts
     D:4: 390 daAuts
